 Dungeon Crawl Stone Soup version 0.25.1-2-g60ff931df9 (webtiles) character file.

Game seed: 13274896646345973675

57 H0rd4k the Magician (level 3, -4/19 HPs)
             Began as a Deep Elf Wizard on Nov 18, 2020.
             Was an Initiate of Gozag.
             Killed from afar by an orc wizard (12 damage)
             ... with a magic dart
             ... on level 2 of the Dungeon.
             The game lasted 00:03:04 (1804 turns).

H0rd4k the Magician (Deep Elf Wizard)               Turns: 1804, Time: 00:03:05

Health: -4/19      AC:  2    Str:  4    XL:     3   Next: 73%
Magic:  8/12       EV: 13    Int: 23    God:    Gozag
Gold:   155        SH:  0    Dex: 13    Spells: 4/13 levels left

rFire    + + .     SeeInvis .   (no weapon)
rCold    + . .     Gourm    .   (no shield)
rNeg     . . .     Faith    .   a - +0 robe
rPois    .         Spirit   .   b - +0 hat
rElec    .         Reflect  .   p - scarf {rC+ rF+}
rCorr    .         Harm     .   (no gloves)
MR       .....                  (no boots)
Stlth    ++........             k - amulet of magic regeneration
HPRegen  0.06/turn              o - ring of protection from fire
MPRegen  0.38/turn              (no ring)

@: very slightly contaminated
A: no striking features
a: Potion Petition, Call Merchant, Bribe Branch, Renounce Religion


You were on level 2 of the Dungeon.
You worshipped Gozag.
Gozag was aware of your devotion.
You were not hungry.

You visited 1 branch of the dungeon, and saw 3 of its levels.

You collected 188 gold pieces.
You paid 33 gold pieces to Gozag.

Inventory:

Armour
 a - a +0 robe (worn)
 b - a +0 hat (worn)
 p - a scarf of resistance (worn)
Jewellery
 f - an uncursed amulet of the acrobat
 k - an amulet of magic regeneration (around neck)
 o - a ring of protection from fire (left hand)
 q - an uncursed ring of ice {unknown}
Wands
 c - a wand of clouds (1)
 m - a wand of polymorph (5)
Scrolls
 g - 2 scrolls of identify {unknown}
 h - 2 scrolls of noise {unknown}
 i - 3 scrolls of teleportation {unknown}
 j - a scroll of magic mapping {unknown}
 l - a scroll of enchant armour {unknown}
Potions
 e - a potion of stabbing {unknown}
 n - a potion of brilliance {unknown}
 r - a potion of mutation {unknown}
Comestibles
 d - 5 rations


   Skills:
 + Level 2.7 Dodging
 + Level 2.7 Stealth
 + Level 5.7 Spellcasting
 + Level 1.4 Conjurations
   Level 1.1 Summonings
 + Level 1.1 Translocations
 * Level 1.0 Fire Magic
 * Level 0.3 Air Magic
 * Level 0.4 Poison Magic


You had 4 spell levels left.
You knew the following spells:

 Your Spells              Type           Power        Failure   Level  Hunger
a - Magic Dart            Conj           ##..         4%          1    None
b - Blink                 Tloc           N/A          9%          2    None
c - Conjure Flame         Conj/Fire      ##......     16%         3    #......
d - Mephitic Cloud        Conj/Pois/Air  #.......     19%         3    #......

Your spell library contained the following spells:

 Spells                   Type           Power        Failure   Level  Hunger
 Call Imp                 Summ           ##......     9%          2    None
 Slow                     Hex            #.......     13%         2    None


Dungeon Overview and Level Annotations

Branches:
Dungeon (3/15)

Altars:
Gozag

Annotations:
D:2 exclusions: centaur and downstairs


Message History

Casting: Blink (safe; 9% risk of failure)
Confirm with . or Enter, or press ? or * to list all spells.
Aiming: Magic Dart (safe; 4% risk of failure)
Press: ? - help, Shift-Dir - straight line, f - orc wizard
Aim: an orc wizard, wielding a +0 dagger and wearing a +0 robe The magic dart hits the orc wizard.
The orc wizard is moderately wounded.
The orc wizard closely misses you.
Casting: Magic Dart (safe; 4% risk of failure)
Confirm with . or Enter, or press ? or * to list all spells.
Aiming: Magic Dart (safe; 4% risk of failure)
Press: ? - help, Shift-Dir - straight line, f/p - orc wizard
Aim: an orc wizard, wielding a +0 dagger and wearing a +0 robe (moderately wounded)
The magic dart hits the orc wizard.
The orc wizard is heavily wounded.
The orc wizard gestures at you while chanting.
The magic dart hits you!
Ouch! That really hurt!
You die...
Your body crumbles into a pile of gold.

###### .....# ####.#
#.#################
#............@oo..#
#################.#
####################.##
....................o>#
#####.########.......## .......#
###..################
#####..#####.....(............<#
...........#.#..################
####....##.#.#..#


You could see an orc wizard and an orc.

Vanquished Creatures
  An adder (D:2)
  A leopard gecko (D:3)
  An orc (D:2)
  4 giant cockroaches
  8 goblins
  6 hobgoblins
  2 jackals (D:1)
  12 kobolds
  3 bats
  5 frilled lizards
  A rat (D:2)
44 creatures vanquished.

Notes
Turn   | Place    | Note
-------+----------+-------------------------------------------
     0 | D:1      | H0rd4k the Deep Elf Wizard began the quest for the Orb.
     0 | D:1      | Reached XP level 1. HP: 10/10 MP: 7/7
   144 | D:1      | Reached skill level 5 in Spellcasting
   179 | D:1      | Reached XP level 2. HP: 15/15 MP: 5/10
   927 | D:2      | Reached XP level 3. HP: 18/19 MP: 7/12
   933 | D:2      | Learned a level 2 spell: Blink
   937 | D:2      | Learned a level 3 spell: Conjure Flame
   941 | D:2      | Learned a level 3 spell: Mephitic Cloud
  1027 | D:2      | Found an opulent altar of Gozag.
  1096 | D:2      | Became a worshipper of Gozag Ym Sagoz the Greedy
  1457 | D:2      | Noticed a centaur
  1741 | D:2      | Reached skill level 1 in Fire Magic
  1804 | D:2      | Killed from afar by an orc wizard

Illustrated notes

Levels and vault maps discovered:
D:1:      lemuel_arrival_behind_the_door_large, layout_rooms
D:2:      minmay_spotlight, layout_basic,
          nicolae_gozag_cash_rules_everything_around_me
D:3:      layout_rooms, nicolae_overflow_crystal_walls, portal_sewer_entry_b,
          grunt_ministairs_3, roderic_batcave

Skill      XL: |  1  2  3 |
---------------+----------+-----
Spellcasting   | 5 |  5.7
Fire Magic     | 1 |  1.0
Dodging        | |  2.7
Stealth        | |  2.7
Conjurations   | |  1.4
Summonings     | |  1.1
Translocations | |  1.1
Air Magic      | |  0.3
Poison Magic   | |  0.4

Action                   || total
-------------------------++-------
 Cast: Magic Dart        ||   110
       Blink             ||     1
  Eat: Ration            ||     1
       Chunk             ||     1
Armor: Robe              ||     4
Dodge: Dodged            ||    17
